 Dungeon Crawl Stone Soup version 0.21.0-34-g9234887 (webtiles) character file.

230 Lathuz the Chopper (level 5, -1/48 HPs)
             Began as a Minotaur Berserker on Jan 29, 2018.
             Was a Priest of Trog.
             Slain by a gnoll
             ... wielding a +0 club
              (3 damage)
             ... on level 4 of the Dungeon.
             The game lasted 00:07:08 (2838 turns).

Lathuz the Chopper (Minotaur Berserker)             Turns: 2838, Time: 00:07:08

Health: -1/48      AC: 11    Str: 22    XL:     5   Next: 72%
Magic:  4/4        EV:  7    Int:  4    God:    Trog [***...]
Gold:   255        SH:  0    Dex: 10    Spells: 4/4 levels left

rFire    + . .     SeeInvis .   a - +0 hand axe
rCold    + . .     Gourm    .   (no shield)
rNeg     . . .     Faith    .   j - +0 plate armour
rPois    .         Spirit   .   (helmet restricted)
rElec    .         Reflect  .   l - scarf {rC+ rF+}
rCorr    .         Harm     .   (no gloves)
MR       .....                  (no boots)
Stlth    ..........             (no amulet)
HPRegen  0.16/turn              (no ring)
MPRegen  0.09/turn              (no ring)

@: no status effects
A: retaliatory headbutt, horns 2
a: Berserk, Trog's Hand, Burn Spellbooks, Renounce Religion


You were on level 4 of the Dungeon.
You worshipped Trog.
Trog was most pleased with you.
You were not hungry.

You visited 1 branch of the dungeon, and saw 4 of its levels.

You collected 255 gold pieces.

Inventory:

Hand Weapons
 a - a +0 hand axe (weapon)
Missiles
 e - 14 tomahawks (quivered)
 f - 104 stones
Armour
 j - a +0 plate armour (worn)
 l - a scarf of resistance (worn)
Scrolls
 b - a scroll of enchant weapon {unknown}
 d - 2 scrolls of remove curse
 i - 2 scrolls of identify
 k - a scroll of fog {unknown}
 p - 2 scrolls of blinking {unknown}
 s - a scroll of amnesia {unknown}
Potions
 g - a potion of magic {unknown}
 h - 2 potions of cancellation
 m - a potion of flight {unknown}
 o - a potion of heal wounds {unknown}
 q - a potion of ambrosia
 r - a potion of might {unknown}
Comestibles
 c - 6 rations
 n - a chunk of flesh


   Skills:
 + Level 5.0 Fighting
 * Level 6.1 Axes
 + Level 4.1 Armour
 - Level 2.1 Dodging


You had 4 spell levels left.
You didn't know any spells.

Dungeon Overview and Level Annotations

Branches:
Dungeon (4/15)
 Temple: D:4-7

Altars:
Ashenzari


Innate Abilities, Weirdness & Mutations

You reflexively headbutt those who attack you in melee.
You have a pair of horns on your head.


Message History

* * * LOW HITPOINT WARNING * * *
You hit the gnoll.
You kill the gnoll!
Trog accepts your kill.
Your plate armour prevents you from hitting the gnoll.
You completely miss the gnoll. The gnoll hits you with a club.
* * * LOW HITPOINT WARNING * * *
The gnoll barely misses you. You furiously retaliate!
You headbutt the gnoll.
You kill the gnoll!
Trog accepts your kill.
Your Fighting skill increases to level 5!
You hit the gnoll.
The gnoll is severely wounded.
The gnoll hits you but does no damage.
You barely miss the gnoll.
The gnoll is severely wounded.
You hit the gnoll.
The gnoll is almost dead.
The gnoll hits you with a club.
You die...

.#..#..#...#.###.##...#
#...###....>#.<.#.##.##
...#...#...##...##...#
..#.....#.#.#..[#.####
#........##.###.##
.#.....#.###.#.##
..#...#..# ##.##
...###...# ### .
#.@#..# #g))#.#
..#...... #...#...##.
#.# .....# # #(.
#.....# ... .. ...# ##
#. .###


You could see a gnoll.

Vanquished Creatures
  A worker ant (D:4)
  Robin (D:2)
  7 gnolls
  3 adders
  An ooze (D:4)
  An adder skeleton (D:3)
  2 worms
  A dart slug (D:1)
  3 leopard geckos
  An orc (D:3)
  A ball python (D:2)
  4 bats
  4 giant cockroaches
  18 goblins
  9 hobgoblins
  4 jackals (D:2)
  2 quokkas
  6 frilled lizards
  7 kobolds
  6 rats
82 creatures vanquished.

Notes
Turn   | Place    | Note
-------+----------+-------------------------------------------
     0 | D:1      | Lathuz the Minotaur Berserker began the quest for the Orb.
     0 | D:1      | Reached XP level 1. HP: 19/19 MP: 0/0
    50 | D:1      | Reached skill level 4 in Axes
    50 | D:1      | Reached XP level 2. HP: 23/27 MP: 1/1
   418 | D:1      | Reached XP level 3. HP: 33/33 MP: 2/2
   918 | D:2      | Noticed Robin
   928 | D:2      | Reached ** piety under Trog
   942 | D:2      | Killed Robin
  1281 | D:2      | Reached XP level 4. HP: 40/40 MP: 3/3
  1298 | D:2      | Reached skill level 5 in Axes
  1815 | D:3      | Reached XP level 5. HP: 33/47 MP: 4/4
  2055 | D:3      | Reached *** piety under Trog
  2735 | D:4      | Reached skill level 6 in Axes
  2784 | D:4      | Found a shattered altar of Ashenzari.
  2835 | D:4      | HP: 2/47 [gnoll/club (4)]
  2835 | D:4      | Reached skill level 5 in Fighting
  2838 | D:4      | Slain by a gnoll

Skill      XL: |  1  2  3  4  5 |
---------------+----------------+-----
Axes           | 4 5 6 |  6.1
Fighting       | 4 5 |  5.0
Armour         | 3 4 |  4.1
Dodging        | |  2.1

Action                   |  1- 3 |  4- 6 || total
-------------------------+-------+-------++-------
Melee: Hand axe          |    78 |   128 ||   206
       Headbutt          |    16 |    19 ||    35
Throw: Tomahawk          |    16 |     4 ||    20
       Stone             |     2 |       ||     2
Invok: Burn Spellbooks   |       |     1 ||     1
  Use: Scroll            |       |     3 ||     3
  Eat: Chunk             |     1 |     5 ||     6
Armor: Animal skin       |     4 |       ||     4
       Plate armour      |    26 |    88 ||   114
Dodge: Dodged            |    36 |    42 ||    78
